 Dungeon Crawl Stone Soup version 0.31-a0-366-ga77b45bd9b (webtiles) character file.

Game seed: 10347120090113902723

3952 Conn the Thaumaturge (level 10, -3/60 HPs)
             Began as an Octopode Fire Elementalist on July 28, 2023.
             Killed from afar by an electric eel (16 damage)
             ... with a bolt of electricity
             ... on level 9 of the Dungeon.
             The game lasted 00:18:26 (7990 turns).

Conn the Thaumaturge (Octopode Fire Elementalist)   Turns: 7990, Time: 00:18:26

Health: -3/60      AC:  1    Str:  7    XL:     10   Next: 21%
Magic:  17/22      EV: 13    Int: 23    God:
Gold:   483        SH:  4    Dex: 12    Spells: 9/25 levels left

rFire   . . .        x - +2 flail (protect)
rCold   . . .        F - +0 buckler
rNeg    . . .        (helmet restricted)
rPois   .            t - amulet of magic regeneration
rElec   .            (no ring)
rCorr   .            (no ring)
SInv    .            (no ring)
Will    .....        (no ring)
Stlth   ++++         (no ring)
HPRegen 0.30/turn    (no ring)
MPRegen 0.58/turn    (no ring)
                     (no ring)

%: no passive effects
@: no status effects
A: almost no armour, amphibious, 8 rings, camouflage 1, gelatinous body 1,
(nimble swimmer 1), tentacles
a: no special abilities


You were on level 9 of the Dungeon.
You visited 2 branches of the dungeon, and saw 10 of its levels.

You collected 483 gold pieces.

Inventory:

Hand Weapons
 d - a +0 short sword
 l - a +0 hand axe of venom
 o - a +2 dagger of holy wrath
 x - a +2 flail of protection (weapon)
Missiles
 c - 13 poisoned darts
 q - a throwing net
 v - 4 curare-tipped darts
Armour
 F - a +0 buckler (worn)
Jewellery
 t - an amulet of magic regeneration (around mantle)
 C - an amulet of the acrobat
 D - an amulet of faith
Wands
 w - a wand of iceblast (14)
 y - a wand of flame (26)
 A - a wand of polymorph (3)
 B - a wand of paralysis (7)
 E - a wand of mindburst (16)
Scrolls
 b - a scroll of fear
 e - 2 scrolls of noise
 h - 2 scrolls of torment {unknown}
 i - 2 scrolls of amnesia
 j - 4 scrolls of identify
 m - a scroll of revelation {unknown}
 s - 5 scrolls of teleportation {unknown}
Potions
 a - 3 potions of magic
 f - a potion of enlightenment {unknown}
 g - 3 potions of heal wounds {unknown}
 k - 2 potions of haste {unknown}
 n - 3 potions of cancellation {unknown}
 p - 3 potions of might {unknown}
 r - a potion of mutation {unknown}
 u - 2 potions of curing {unknown}
 z - a potion of degeneration {unknown}


   Skills:
 + Level 2.2 Fighting
 + Level 2.4 Short Blades
 + Level 2.1 Maces & Flails
 + Level 3.1 Dodging
 + Level 5.6 Stealth
 * Level 1.1 Shields
 + Level 8.1 Spellcasting
 * Level 5.5 Conjurations
 + Level 0.6 Hexes
 * Level 1.1 Summonings
 * Level 2.0 Transmutations
 + Level 8.1 Fire Magic


You had 9 spell levels left.
You knew the following spells:

 Your Spells              Type           Power      Damage    Failure   Level
a - Foxfire               Conj/Fire      100%       2x1d9     1%          1
b - Scorch                Fire           92%        2d8       1%          2
c - Inner Flame           Hex/Fire       29%        N/A       5%          3
d - Flame Wave            Conj/Fire      40%        2d11      7%          4
e - Summon Small Mammal   Summ           56%        N/A       8%          1
f - Irradiate             Conj/Tmut      13%        3d16      56%         5

Your spell library contained the following spells:

 Spells                   Type           Power      Damage    Failure   Level
 Volatile Blastmotes      Fire/Tloc      56%        2d14      6%          3
 Wereblood                Tmut           18%        N/A       8%          2
 Apportation              Tloc           18%        N/A       12%         1
 Necrotise                Necr           36%        1d5       12%         1
 Ensorcelled Hibernation  Hex/Ice        20%        N/A       16%         2
 Anguish                  Hex/Necr       5%         N/A       69%         4


Dungeon Overview and Level Annotations

Branches:
Dungeon (9/15)             Temple (1/1) D:4
   Lair: D:8-11         Orc: D:9-12

Altars:
Cheibriados
Dithmenos
Elyvilon
Fedhas
Gozag
Hepliaklqana
Kikubaaqudgha
Makhleb
Nemelex Xobeh
Okawaru
Qazlal
Ru
Trog
Uskayaw
Vehumet
Wu Jian
Xom
Yredelemnul
Zin
The Shining One

Shops:
D:6 [


Innate Abilities, Weirdness & Mutations

You cannot wear most types of armour.
You are amphibious.
You can wear up to eight rings at the same time.
Your skin changes colour to match your surroundings (Stealth+).
Your rubbery body absorbs attacks. (AC +1, EV +1)
((You are camouflaged when in or above water. (Stealth+)))
You have tentacles for arms and can constrict up to eight enemies at once.


Message History

The yak gores you!
Unknown command.
A wave of flame ripples out!
The flame wave engulfs the yak!
You kill the yak!
The flame wave engulfs the yak.
The yak is severely wounded.
You finish channelling waves of flame.
You hear a howl!
The yak is engulfed in a cloud of scalding steam.
You block the yak's attack.
Casting: Flame Wave (dangerous; 7% risk of failure)
Confirm with . or Enter, or press ? or * to list all spells.
Flames lash the yak.
The yak is almost dead.
The yak's fire resistance burns away.
A howler monkey comes into view.
The yak is engulfed in a cloud of scalding steam.
You kill the yak!
A vampire comes into view.
Casting: Scorch (safe; 1% risk of failure)
Confirm with . or Enter, or press ? or * to list all spells.
You conjure some foxfire!
Unknown command.
You are engulfed in a cloud of scalding steam.
* * * LOW HITPOINT WARNING * * *
The foxfire hits the howler monkey!
The howler monkey is heavily wounded.
The howler monkey is engulfed in a cloud of scalding steam.
The howler monkey hoots and howls with incredible vigour!
The howler monkey is engulfed in a cloud of scalding steam.
You kill the howler monkey!
A howler monkey comes into view.
You hear a shout!
You hear a bellow! x2
You enter the shallow water.
The foxfire hits the howler monkey!
The howler monkey is heavily wounded.
The howler monkey hoots and howls with incredible vigour!
An electric eel comes into view.
The electric eel shoots out a bolt of lightning at you!
The bolt of electricity hits you!
You die...

#.~~~~~~~~#.~~~~~~~~~
#.~~~~~~~V..~~h~~S†~
.#~~~~~~~###~~~~.# ~
..◎.~~~~~~....~~..##~~
.....~~~~............~
.####.~~...........(.
##.#.......##.#...
#[#.#.#.#........
#.#.#.#@#'##.#...
#.#.#.#....#.#...
#.#.#.#.......#
#.#.#.#.......##.
#.#####.#..............
#...............##.####
#.#####<#.#.#.#.# ...
###.#.#.#.##########
#.#.#..........[..


You could see a vampire, a howler monkey and an electric eel.

Vanquished Creatures
  Pikel (D:8)
  Grinder (D:4)
  4 yaks (D:9)
  A steam dragon (D:7)
  Edmund (D:5)
  A water moccasin (D:6)
  An orc warrior (D:8)
  3 sky beasts
  An ice beast (D:7)
  4 black bears
  A centaur (D:7)
  A phantom (D:5)
  2 kobold brigands (D:8)
  A bullfrog (D:7)
  3 scorpions
  A howler monkey (D:9)
  A vampire bat (D:5)
  3 electric eels
  2 hounds
  2 orc priests (D:8)
  A jelly (D:5)
  A gnoll bouda (D:8)
  5 iguanas
  A sleepcap (D:4)
  3 orc wizards
  Robin (D:4)
  16 gnolls
  8 adders
  2 shadow imps
  A white imp (D:7)
  2 ufetubi (D:5)
  A worm (D:4)
  3 dart slugs (D:1)
  27 orcs
  2 bats
  2 bat skeletons (D:5)
  3 bat zombies (D:5)
  4 endoplasms
  3 giant cockroaches
  14 goblins
  11 hobgoblins
  7 jackals
  6 quokkas
  8 ball pythons
  2 frilled lizards
  10 kobolds
  5 rats
184 creatures vanquished.

Vanquished Creatures (others)
  476 foxfires
476 creatures vanquished.

Grand Total: 660 creatures vanquished

Notes
Turn   | Place    | Note
-------+----------+-------------------------------------------
     0 | D:1      | Conn the Octopode Fire Elementalist began the quest for the
                  | Orb.
     0 | D:1      | Reached XP level 1. HP: 11/11 MP: 3/3
   119 | D:1      | Reached XP level 2. HP: 12/17 MP: 0/5
   565 | D:1      | Reached XP level 3. HP: 20/21 MP: 6/6
  1114 | D:2      | Learned a level 2 spell: Scorch
  1118 | D:2      | Learned a level 3 spell: Inner Flame
  1223 | D:2      | Found a faded altar of an unknown god.
  1312 | D:2      | Reached XP level 4. HP: 25/27 MP: 4/7
  1635 | D:2      | Noticed a scorpion
  2095 | D:3      | Reached XP level 5. HP: 23/32 MP: 5/8
  2647 | D:4      | Noticed Robin
  2651 | D:4      | Killed Robin
  2673 | D:4      | Reached XP level 6. HP: 37/37 MP: 4/10
  2979 | D:4      | Found a staircase to the Ecumenical Temple.
  2988 | Temple   | Entered the Ecumenical Temple
  3032 | D:4      | Noticed Grinder
  3042 | D:4      | Killed Grinder
  3043 | D:4      | Reached skill level 1 in Fighting
  3043 | D:4      | Reached skill level 1 in Short Blades
  3215 | D:4      | You fall into a shaft and drop 3 floors!
  3252 | D:7      | Reached XP level 7. HP: 33/43 MP: 8/12
  3295 | D:6      | Reached skill level 5 in Fire Magic
  3296 | D:5      | Entered Level 5 of the Dungeon
  3618 | D:5      | Noticed Edmund
  3632 | D:5      | Killed Edmund
  3633 | D:5      | Reached XP level 8. HP: 28/48 MP: 0/15
  3761 | D:5      | Found a glowing silver altar of Zin.
  3823 | D:5      | Reached skill level 5 in Spellcasting
  4061 | D:5      | Found an ancient bone altar of Kikubaaqudgha.
  5414 | D:6      | Found Voecin's Antique Armour Shop.
  6077 | D:4      | Reached XP level 9. HP: 27/54 MP: 10/18
  6543 | D:7      | Reached skill level 1 in Maces & Flails
  6816 | D:7      | Found a snail-covered altar of Cheibriados.
  6817 | D:7      | Found a bloodstained altar of Trog.
  7121 | D:8      | Noticed Pikel
  7125 | D:8      | Killed Pikel
  7126 | D:8      | Reached skill level 5 in Conjurations
  7345 | D:8      | Reached XP level 10. HP: 60/60 MP: 19/22
  7487 | D:8      | Found a hide-covered altar of Uskayaw.
  7489 | D:8      | Found a shimmering altar of Xom.
  7776 | D:8      | Learned a level 4 spell: Flame Wave
  7778 | D:8      | Learned a level 1 spell: Summon Small Mammal
  7784 | D:8      | Learned a level 5 spell: Irradiate
  7973 | D:9      | Reached skill level 5 in Stealth
  7973 | D:9      | Reached skill level 1 in Summonings
  7973 | D:9      | Reached skill level 1 in Transmutations
  7978 | D:9      | Reached skill level 1 in Shields
  7990 | D:9      | Killed from afar by an electric eel

Illustrated notes

Levels and vault maps discovered:
D:1:      heliophobic_arrival_ceremonial_halls, layout_basic,
          minmay_misc_feat_hallway
D:2:      layout_rooms, shapermc_ecumenical_altar_rom_forum,
          lightli_corner_chamber
D:3:      layout_rooms
D:4:      minmay_opposing_rooms, layout_loops_ring, temple_pool_b, uniq_grinder,
          uniq_robin
D:5:      layout_layer_cave, nicolae_overflow_crystal_walls,
          kennysheep_vampire_church, chequers_arboretum, grunt_ministairs_3,
          uniq_edmund
D:6:      layout_cave_pools, serial_shops, nicolae_shop_gibbet_a_chance,
          minmay_misc_feat_ornament, kennysheep_cluttered_room
D:7:      layout_rooms, mainiacjoe_overflow_divided_tiny
D:8:      layout_loops_ring, nicolae_overflow_hidden_temple,
          minmay_misc_feat_nine_boxes, uniq_pikel
D:9:      layout_basic, lair_entry_dummy, uniq_psyche, uniq_joseph, uniq_maggie,
          uniq_harold
Temple:   nicolae_temple_superstar

Skill      XL: |  1  2  3  4  5  6  7  8  9 10 |
---------------+-------------------------------+-----
Stealth        | 3 4 5 |  5.6
Conjurations   | 2 3 4 5 |  5.5
Fire Magic     | 4 5 6 7 8 |  8.1
Spellcasting   | 3 4 6 8 |  8.1
Fighting       | 1 2 |  2.2
Short Blades   | 1 2 |  2.4
Dodging        | 3 |  3.1
Maces & Flails | 2 |  2.1
Summonings     | 1 |  1.1
Transmutations | 2 |  2.0
Shields        | 1 |  1.1
Hexes          | |  0.6

Action                     |  1- 3 |  4- 6 |  7- 9 | 10-12 || total
---------------------------+-------+-------+-------+-------++-------
  Melee: Unarmed           |     3 |       |       |       ||     3
         Short sword       |    35 |     1 |       |       ||    36
         Constrict         |    12 |    16 |    18 |       ||    46
         Tentacles         |     6 |    14 |    13 |       ||    33
         Hand axe          |       |     5 |       |       ||     5
         Dagger            |       |    42 |    26 |       ||    68
         Punch             |       |     1 |       |       ||     1
         Flail             |       |       |    29 |       ||    29
   Cast: Foxfire           |    41 |    69 |   157 |    15 ||   282
         Scorch            |       |     7 |    54 |     3 ||    64
         Inner Flame       |       |       |     7 |       ||     7
         Flame Wave        |       |       |       |     1 ||     1
    Use: Scroll            |       |     5 |     1 |       ||     6
         Potion            |       |       |     1 |       ||     1
   Stab: Sleeping          |     2 |     4 |     6 |       ||    12
 Armour: Skin              |     7 |     6 |    24 |       ||    37
  Dodge: Dodged            |    20 |    30 |    67 |     2 ||   119
  Block: Buckler           |       |       |       |     1 ||     1

Table legend: (Time is in decaauts)
 A = Elapsed time spent in this place.
 B = Non-inter-level travel time spent in this place.
 C = Inter-level travel time spent in this place.
 D = Time resting spent in this place.
 E = Time spent auto-exploring this place.
 F = Levels seen in this place.
 G = Mean time per level.
                   A        B        C        D        E       F      G
               +--------+--------+--------+--------+--------+-----+--------+
         Total |   7998 |   7700 |    298 |    266 |   5653 |  10 |  799.8 |
       Dungeon |   7956 |   7658 |    298 |    266 |   5653 |   9 |  884.0 |
        Temple |     41 |     41 |      0 |      0 |      0 |   1 |   41.0 |
               +--------+--------+--------+--------+--------+-----+--------+

Top non-repeatable levels by time:
     D:5: 1895 daAuts
     D:4: 1226 daAuts
     D:1: 1085 daAuts
     D:8: 873 daAuts
     D:6: 765 daAuts
     D:3: 700 daAuts
     D:2: 696 daAuts
     D:7: 530 daAuts
     D:9: 181 daAuts
  Temple: 41 daAuts
